Map: [ESL] Inside and Out

Players

Ukko

  • Race: Zerg Zerg
  • Spawn Location: 1:00

Bioice - Winner!

  • Race: Zerg Zerg
  • Spawn Location: 7:00

Event: DreamHack SC2 Masters 2022 Atlanta (Online)

VOD

Have the link to the VOD?

Description

Time

  • Played on: Oct. 4, 2022, 4:35 p.m.
  • Length: 8:57

All games in this series

Show
View Real Time Build Order
Export as new Build Order

Ukko Zerg 

Build Orders: Hatch First 

Get SALT Encoding   

  12  0:00  Drone  
  13  0:12  Overlord  
  13  0:17  Drone  
  14  0:30  Drone x2  
  16  0:47  Hatchery  
  15  0:51  Drone  
  15  0:54  Drone  
  17  0:58  Drone  
  18  1:05  Extractor  
  17  1:14  Spawning Pool  
  17  1:16  Drone  
  17  1:20  Drone  
  18  1:27  Drone  
  19  1:38  Drone  
  20  1:49  Drone  
  21  2:00  Queen x2  
  25  2:01  Overlord  
  25  2:03  Zergling x2  
  25  2:05  Metabolic Boost  
  26  2:10  Drone  
  26  2:12  Drone  
  28  2:20  Drone  
  28  2:21  Drone  
  30  2:33  Hatchery  
  29  2:38  Overlord  
  29  2:42  Zergling x2  
  29  2:43  Zergling x2  
  31  2:45  Zergling x2  
  32  2:54  Zergling x4  
  34  3:06  Zergling x4  
  35  3:17  Zergling x12  
  40  3:27  Baneling Nest  
  40  3:32  Zergling x2, Queen  
  40  3:33  Overlord  
  42  3:35  Drone  
  43  3:47  Drone x4  
  46  3:54  Drone x6  
  47  3:57  Queen  
  49  4:03  Zergling x4  
  51  4:14  Zergling x2  
  47  4:19  Zergling x8  
  48  4:29  Zergling x10  
  45  4:38  Drone  
  32  4:47  Baneling x2  
  32  4:49  Drone  
  33  4:54  Drone  
  33  4:57  Baneling  
  34  5:02  Baneling  
  34  5:08  Drone x2  
  34  5:11  Drone  
  36  5:21  Drone x2  
  37  5:24  Baneling  
  36  5:29  Drone x3  
  37  5:41  Zergling x6  
  39  5:50  Drone x3  
  39  5:56  Drone  
  43  6:03  Drone x3  
  45  6:05  Drone  
  45  6:11  Drone x2  
  47  6:13  Drone  
  47  6:16  Drone  
  48  6:27  Drone x2  
  50  6:34  Drone  
  50  6:35  Drone  
  51  6:41  Roach Warren, Evolution Chamber  
  49  6:47  Hatchery  
  49  6:51  Drone x3  
  51  6:58  Drone  
  52  7:03  Overlord x2  
  52  7:04  Overlord  
  52  7:09  Lair  
  52  7:13  Baneling  
  52  7:22  Zergling x12  
  58  7:27  Zergling x6  
  62  7:30  Roach  
  62  7:35  Roach  
  63  7:38  Roach x2  
  61  7:49  Roach  
  62  7:56  Roach  
  62  7:57  Zergling x12  
  66  8:01  Extractor  
  66  8:02  Zergling x2  
  66  8:03  Zergling x2  
  66  8:04  Zergling x2  
  64  8:06  Queen x2  
  64  8:10  Drone x2  
  66  8:13  Queen  
  66  8:22  Drone x5  
  66  8:25  Drone  
  69  8:30  Roach x3  
  74  8:37  Zergling x2, Roach x2  
Show
View Real Time Build Order
Export as new Build Order

Bioice Zerg - Winner!

Build Orders: Hatch First, Zergling Baneling 

Get SALT Encoding   

  12  0:00  Drone  
  13  0:12  Overlord  
  13  0:17  Drone  
  14  0:32  Drone x2  
  16  0:48  Hatchery  
  15  0:51  Drone  
  15  0:55  Drone  
  17  0:58  Drone  
  17  1:03  Extractor  
  17  1:14  Spawning Pool  
  17  1:17  Drone  
  17  1:20  Drone  
  18  1:29  Drone  
  19  1:39  Drone  
  20  1:49  Drone  
  21  2:01  Queen x2  
  21  2:03  Drone, Overlord  
  26  2:09  Metabolic Boost  
  26  2:13  Zergling x4  
  28  2:26  Drone x2  
  30  2:34  Hatchery  
  29  2:41  Baneling Nest  
  28  2:44  Drone  
  28  2:46  Drone  
  28  2:48  Zergling x2  
  28  2:51  Zergling x2  
  32  2:57  Overlord  
  32  3:11  Zergling x10  
  36  3:17  Zergling x6  
  38  3:21  Zergling x2  
  38  3:22  Zergling x2  
  40  3:29  Zergling x4  
  40  3:30  Baneling x2  
  40  3:33  Baneling x2  
  42  3:34  Zergling x2  
  43  3:47  Baneling x4  
  42  3:50  Zergling x2  
  42  3:55  Zergling x2  
  42  3:56  Zergling x6  
  46  4:03  Zergling x8  
  49  4:13  Baneling x3  
  49  4:14  Zergling x6  
  49  4:21  Baneling  
  46  4:27  Zergling x2  
  43  4:33  Zergling x14  
  43  4:37  Zergling x2  
  47  4:39  Zergling x2  
  43  4:46  Baneling x2  
  43  4:49  Overlord  
  43  4:57  Drone x4  
  46  5:00  Overlord  
  46  5:02  Baneling  
  46  5:09  Overlord  
  46  5:13  Drone x2  
  46  5:17  Overlord  
  46  5:20  Drone  
  46  5:24  Drone  
  46  5:27  Overlord  
  46  5:30  Drone x2  
  46  5:33  Drone  
  49  5:37  Overlord  
  48  5:46  Drone x3  
  48  5:49  Roach Warren  
  50  5:52  Zergling x4  
  50  6:01  Drone x2  
  50  6:02  Drone, Evolution Chamber  
  50  6:08  Lair, Extractor x2  
  50  6:09  Drone  
  49  6:17  Drone x2  
  50  6:20  Drone x4  
  50  6:24  Drone x2  
  56  6:28  Zerg Missile Weapons Level 1  
  55  6:36  Roach  
  55  6:37  Roach x2  
  60  6:45  Hatchery  
  59  6:47  Roach, Extractor  
  59  6:52  Roach  
  59  6:53  Roach  
  64  6:57  Roach  
  64  6:58  Roach  
  68  7:02  Roach  
  68  7:03  Roach  
  74  7:08  Roach x2  
  74  7:12  Glial Reconstitution  
  76  7:17  Roach x2  
  76  7:20  Overlord  
  76  7:22  Roach  
  82  7:36  Ravager  
  83  7:37  Roach  
  83  7:40  Roach x2  
  83  7:41  Roach x2  
  83  7:43  Roach  
  89  7:50  Roach x4  
  90  8:05  Roach x6  
  94  8:08  Roach x2  
  94  8:13  Roach x2  
  94  8:20  Roach x2  
  94  8:24  Roach  
  94  8:25  Overlord  
  96  8:31  Roach  
  96  8:32  Roach  
Tags
 
Add a new tag
Caveats
  • Supply blocks, unpowered buildings, or Contaminate may cause inaccurate times.
  • Supply counts are checked every 10 seconds.